 Dungeon Crawl Stone Soup version 0.30-a0-989-g0d87f670db (webtiles) character file.

Game seed: 9878925765545472924

10 Brandom the Sneak (level 2, -1/26 HPs)
             Began as a Demigod Delver on Apr 3, 2023.
             Slain by a kobold
             ... wielding a +1 short sword of protection
              (4 damage)
             ... on level 2 of the Dungeon.
             The game lasted 00:04:58 (372 turns).

Brandom the Sneak (Demigod Delver)                   Turns: 372, Time: 00:04:58

Health: -1/26      AC:  4    Str: 13    XL:     2   Next: 0%
Magic:  4/4        EV: 12    Int: 12    God:
Gold:   60         SH:  0    Dex: 15    Spells: 1/1 levels left

rFire   . . .      SeeInvis .    a - +0 mace
rCold   . . .      Faith    .    (no shield)
rNeg    . . .      Spirit   .    b - +0 leather armour
rPois   .          Reflect  .    (no helmet)
rElec   .          Rampage  .    (no cloak)
rCorr   .                        (no gloves)
Will    .....                    l - +0 pair of boots
Stlth   +++                      (no amulet)
HPRegen 0.24/turn                (no ring)
MPRegen 0.09/turn                (no ring)

@: mighty, brilliant, hasted, very quick
A: high MP 1, forlorn, divine attributes
a: no special abilities


You were on level 2 of the Dungeon.
You visited 1 branch of the dungeon, and saw 4 of its levels.

You collected 60 gold pieces.

Inventory:

Hand Weapons
 a - a +0 mace (weapon)
Armour
 b - a +0 leather armour (worn)
 l - a +0 pair of boots (worn)
   (You found it on level 5 of the Dungeon)
Jewellery
 h - a ring of flight
   (You found it on level 5 of the Dungeon)
Wands
 g - a wand of charming (8)
   (You found it on level 5 of the Dungeon)
 v - a wand of digging (9)
Scrolls
 c - a scroll of fog
 d - a scroll of magic mapping
 e - a scroll of fear
 i - 3 scrolls of torment {unknown}


   Skills:
 * Level 3.0 Fighting
 + Level 2.0 Maces & Flails
 + Level 2.0 Dodging
 - Level 4.5 Stealth


You had one spell level left.
You didn't know any spells.
Your spell library was empty.

Dungeon Overview and Level Annotations

Branches:
Dungeon (5/15)
 Temple: D:4-7

Annotations:
D:5 3 runed translucent doors, qborf's ghost, amateur MeCj


Innate Abilities, Weirdness & Mutations

You have an increased reservoir of magic. (+10% MP)
You shall have no god before yourself.
Your divine heritage dramatically boosts your attributes as you level up.


Message History

The giant cockroach barely misses you. The kobold attacks as you move away!
The kobold misses you.
The giant cockroach attacks as you move away!
The giant cockroach bites you but does no damage.
You hit the giant cockroach.
You kill the giant cockroach!
The kobold throws a stone.
The stone misses you.
Your Maces & Flails skill increases to level 2!
Your Dodging skill increases to level 2!
The kobold throws a stone.
The stone hits you.
You hit the kobold. The kobold barely misses you.
You barely miss the kobold. The kobold hits you with a +0 dagger.
The kobold hits you but does no damage.
You hit the kobold.
You kill the kobold!
The adder hisses angrily.
You hit the kobold but do no damage. The kobold hits you with a +0 dagger.
You miss the kobold. The kobold hits you with a +0 dagger.
You hit the kobold.
You kill the kobold!
The kobold throws a stone.
The stone hits you but does no damage.
The kobold throws a stone.
The stone closely misses you.
You have reached level 2!
You feel yourself speed up.
You closely miss the adder. The adder bites you. The kobold barely misses you.
You hit the adder but do no damage. The adder bites you.
You are poisoned.
The adder poisons you!
You closely miss the adder.
You feel sick. The adder bites you. The kobold misses you.
You hit the adder.
You feel sick. The adder bites you but does no damage.
The kobold barely misses you.
You miss the adder.
You feel sick. The adder bites you but does no damage.
The kobold hits you with a +1 short sword of protection.
* * * LOW HITPOINT WARNING * * *
It was a potion of brilliance.
You feel clever all of a sudden.
You feel sick.
You are no longer poisoned.
The adder bites you.
* * * LOW HITPOINT WARNING * * *
The kobold hits you with a +1 short sword of protection.
* * * LOW HITPOINT WARNING * * *
It was a potion of magic.
Magic courses through your body. The adder bites you.
* * * LOW HITPOINT WARNING * * *
It was a potion of might.
You feel very mighty all of a sudden. The adder barely misses you.
The kobold hits you with a +1 short sword of protection.
You die...

..........+......................
......#...####.#####.............
......#........#8.8#....######..~
............8###...###8.### .~~
#......S....w'..._...+....# ≈≈≈
...)........8###...###8...# ≈≈~
..###..........#8.8#.....## ~
..#.......####.#####.....#
.#............S@K.......#
....####.##....##.#...........
#.. ..##.#####............. #...
=!.##........<#. .
##............# ##.............
#...........## #............


You could see an adder and a kobold.

Vanquished Creatures
  2 giant cockroaches
  2 kobolds (D:2)
  2 ball pythons (D:2)
  A bat (D:2)
  2 frilled lizards
  2 rats
11 creatures vanquished.

Notes
Turn   | Place    | Note
-------+----------+-------------------------------------------
     0 | D:5      | Brandom the Demigod Delver began the quest for the Orb.
     0 | D:5      | Reached XP level 1. HP: 18/18 MP: 3/3
    29 | D:5      | Noticed a jelly
    30 | D:5      | Noticed a water moccasin
    72 | D:5      | Noticed qborf's ghost (amateur MeCj)
    73 | D:5      | Noticed a scorpion
    75 | D:5      | Found a runed translucent gate.
    78 | D:5      | Found a runed translucent gate.
   103 | D:5      | Found a runed translucent gate.
   134 | D:4      | Noticed a scorpion
   364 | D:2      | Reached XP level 2. HP: 19/26 MP: 4/4
   372 | D:2      | Slain by a kobold

Illustrated notes

Levels and vault maps discovered:
D:2:      layout_basic, dreamdust_ecumenical_altar_angels_and_demons,
          chequers_serial_rivers_small_3, minmay_pentomino_p2
D:3:      layout_basic, minivault_27, hangedman_abyss_or_decor_stabs,
          skrybe_limestone_x, interstate_on_off, dk_vineyard_2
D:4:      minmay_chambers_of_threes, layout_basic, tgw_xom, temple_green,
          uniq_sigmund
D:5:      layout_rooms, mainiacjoe_overflow_alcove_4, gammafunk_ghost_split,
          uniq_grinder

Skill      XL: |  1 |
---------------+----+-----
Fighting       | 3 |  3.0
Maces & Flails | 2 |  2.0
Dodging        | 2 |  2.0
Stealth        | |  4.5

Action                     || total
---------------------------++-------
  Melee: Mace              ||    47
    Use: Scroll            ||     1
         Potion            ||     4
   Stab: Sleeping          ||     2
 Armour: Leather armour    ||    20
  Dodge: Dodged            ||    38

Table legend: (Time is in decaauts)
 A = Elapsed time spent in this place.
 B = Non-inter-level travel time spent in this place.
 C = Inter-level travel time spent in this place.
 D = Time resting spent in this place.
 E = Time spent auto-exploring this place.
 F = Levels seen in this place.
 G = Mean time per level.
                   A        B        C        D        E       F      G
               +--------+--------+--------+--------+--------+-----+--------+
         Total |    382 |    382 |      0 |     20 |      0 |   4 |   95.5 |
       Dungeon |    382 |    382 |      0 |     20 |      0 |   4 |   95.5 |
               +--------+--------+--------+--------+--------+-----+--------+

Top non-repeatable levels by time:
     D:2: 162 daAuts
     D:5: 134 daAuts
     D:3: 80 daAuts
     D:4: 5 daAuts
